 Dungeon Crawl Stone Soup version 0.20-a0-256-gabb291d (webtiles) character file.

42 Coron the Chiller (level 3, -1/28 HPs)
             Began as a Deep Dwarf Ice Elementalist on Dec 2, 2016.
             Slain by Crazy Yiuf
             ... wielding a +2 quarterstaff of chaos
              (2 damage)
             ... on level 2 of the Dungeon.
             The game lasted 00:07:27 (1331 turns).

Coron the Chiller (Deep Dwarf Ice Elementalist)     Turns: 1331, Time: 00:07:28

Health: -1/28      AC:  2    Str: 12    XL:     3   Next: 35%
Magic:  0/6        EV: 12    Int: 15    God:
Gold:   17         SH:  0    Dex: 13    Spells: 4/7 levels left

rFire  . . .     SeeInvis .     k - +0 hand axe (flame)
rCold  . . .     Gourm    .     a - +0 robe
rNeg   . . .     Faith    .     (no shield)
rPois  .         Spirit   .     (no helmet)
rElec  .         Reflect  .     (no cloak)
rCorr  .         Harm     .     (no gloves)
MR     .....                    (no boots)
Stlth  ++........               (no amulet)
                                (no ring)
                                (no ring)

@: lethally poisoned (-1 -> -1), very slightly contaminated, non-regenerating
A: damage resistance, recharge devices, sense surroundings 1, slow regeneration
3
a: Device Recharging


You were on level 2 of the Dungeon.
You were not hungry.

You visited 1 branch of the dungeon, and saw 2 of its levels.

You collected 17 gold pieces.

Inventory:

Hand Weapons
 k - a +0 hand axe of flaming (weapon)
Missiles
 e - 39 stones
 f - 7 javelins (quivered)
Armour
 a - a +0 robe (worn)
 m - a cursed +0 ring mail
Wands
 c - a wand of heal wounds (5/9)
Scrolls
 g - a scroll of remove curse {unknown}
 h - a scroll of fear {unknown}
 j - a scroll of blinking
 l - a scroll of identify {unknown}
Books
 b - a book of Frost

   Spells                             Type                      Level
   a - Freeze                         Ice                          1
   b - Throw Frost                    Conjuration/Ice              2
   c - Ozocubu's Armour               Charms/Ice                   3
   d - Throw Icicle                   Conjuration/Ice              4
   e - Summon Ice Beast               Ice/Summoning                4
Comestibles
 d - 2 bread rations
 i - a meat ration
 n - a beef jerky
 o - 2 chunks of flesh


   Skills:
 - Level 2.1 Dodging
 - Level 3.0 Stealth
 + Level 2.7 Spellcasting
 - Level 0.8 Conjurations
 - Level 3.0 Ice Magic


You had 4 spell levels left.
You knew the following spells:

 Your Spells              Type           Power        Failure   Level  Hunger
a - Freeze                Ice            ##..         8%          1    #......
b - Throw Frost           Conj/Ice       #.....       14%         2    ##.....


Dungeon Overview and Level Annotations

Branches:
Dungeon (2/15)

Altars:

Annotations:
D:1 lava protected items
D:2 Crazy Yiuf, Sigmund


Innate Abilities, Weirdness & Mutations

You are resistant to damage.
You can recharge devices by infusing magical energy.
You passively map a small area around you.
You do not regenerate.


Message History

Crazy Yiuf hits you with a quarterstaff of chaos!
* * * LOW HITPOINT WARNING * * *
Crazy Yiuf draws strength from your wounds!
You hit Crazy Yiuf. You burn Crazy Yiuf.
Crazy Yiuf is moderately wounded.
Crazy Yiuf barely misses you.
You barely miss Crazy Yiuf.
Crazy Yiuf is moderately wounded.
Crazy Yiuf misses you. x2
You closely miss Crazy Yiuf.
Crazy Yiuf is moderately wounded.
Crazy Yiuf yells, "Paint dark mobile!"
Crazy Yiuf hits you with a quarterstaff of chaos!
* * * LOW HITPOINT WARNING * * *
Crazy Yiuf burns you.
Unknown command.
Charge which item? (? for menu, Esc to quit)
Your wand of heal wounds (0/9) glows for a moment and now has 5 charges.
Crazy Yiuf hits you with a quarterstaff of chaos.
You die...

#.#..#.####.### *
* #.#..#.##....<#
, ,
#....#.##.....#
,*, *
#.#.########### *
* #...# *
#.#.#######
#.#..+..#.### ###
* ,
#.#...PP.#..##...#
, ,
#.....P.####@g...#
,#.#..+.## ###..)#
* #.#.#### *### *
. #.# * # #.# ,
#.* * * , *


You could see Crazy Yiuf.

Vanquished Creatures
  2 oozes (D:1)
  2 worms
  2 dart slugs (D:1)
  A leopard gecko (D:1)
  2 bats (D:1)
  2 giant cockroaches (D:1)
  3 goblins (D:1)
  2 hobgoblins (D:1)
  2 ball pythons (D:1)
  2 frilled lizards (D:1)
  A kobold (D:1)
  3 rats (D:1)
24 creatures vanquished.

Notes
Turn   | Place    | Note
-------+----------+-------------------------------------------
     0 | D:1      | Coron the Deep Dwarf Ice Elementalist began the quest for the Orb.
     0 | D:1      | Reached XP level 1. HP: 15/15 MP: 3/3
   136 | D:1      | Reached XP level 2. HP: 14/22 MP: 0/5
   680 | D:1      | Learned a level 2 spell: Throw Frost
   686 | D:1      | Reached XP level 3. HP: 18/28 MP: 6/6
  1258 | D:2      | Noticed Sigmund
  1314 | D:2      | Found a runed door.
  1318 | D:2      | Noticed Crazy Yiuf
  1330 | D:2      | HP: 1/28 [Crazy Yiuf/quarterstaff of chaos (7)]
  1331 | D:2      | Slain by Crazy Yiuf

Vault maps used:
D:1:      erik_arrival_gehennom, minmay_pentomino_x2
D:2:      grunt_temple_overflow_holy_war, serial_co_window_serial,
          co_window_paths_a, co_window_of_opportunity_a, co_window_paths_b,
          co_window_paths_a, co_window_paths_b, co_window_paths_a,
          co_window_of_opportunity_a, co_window_corner_cb,
          co_window_of_opportunity_b, co_window_2corner,
          co_window_unsneaky_path_a, glass_columns_b, glass_columns_b,
          first_bread, uniq_sigmund, uniq_crazy_yiuf_cottage, uniq_natasha

Skill      XL: |  1  2  3 |
---------------+----------+-----
Ice Magic      | 3 |  3.0
Spellcasting   | 2 |  2.7
Stealth        | 3 |  3.0
Dodging        | |  2.1
Conjurations   | |  0.8

Action                   || total
-------------------------++-------
Melee: Dagger            ||    32
       Hand axe          ||    22
Throw: Stone             ||    36
       Javelin           ||     5
 Cast: Freeze            ||    30
       Throw Frost       ||     3
 Abil: Device Recharging ||     1
Evoke: Wand              ||     5
  Use: Scroll            ||     1
 Stab: Sleeping          ||     4
  Eat: Chunk             ||     2
Armor: Robe              ||     5
Dodge: Dodged            ||    32
